 Dungeon Crawl Stone Soup version 0.27.1-1-g398f81649c (webtiles) character file.

Game seed: 6890931185258909769

188 MisterFreud the Shield-Bearer (level 5, -8/47 HPs)
             Began as a Gnoll Fighter on Sept 15, 2021.
             Was a Plaything of Xom.
             Mangled by a black mamba (shapeshifter) (14 damage)
             ... led by Robin
             ... on level 4 of the Dungeon.
             The game lasted 00:03:51 (2675 turns).

MisterFreud the Shield-Bearer (Gnoll Fighter)       Turns: 2675, Time: 00:03:51

Health: -8/47      AC:  9    Str: 16    XL:     5   Next: 67%
Magic:  7/7        EV:  8    Int: 10    God:    Xom [.*....]
Gold:   93         SH: 11    Dex: 11    Spells: 7/7 levels left

rFire    . . .     SeeInvis .   m - +0 short sword (venom)
rCold    . . .     Faith    .   c - +1 kite shield
rNeg     . . .     Spirit   .   b - +0 scale mail
rPois    .         Reflect  .   (no helmet)
rElec    .         Harm     .   (no cloak)
rCorr    .         Rampage  .   (no gloves)
Will     .....                  (no boots)
Stlth    ..........             p - amulet of regeneration
HPRegen  1.15/turn              (no ring)
MPRegen  0.10/turn              (no ring)

@: mighty
A: fangs 1, strong nose, distributed training, iridescent scales 1, clever 1,
wild magic 1, evolution 1
a: Renounce Religion


You were on level 4 of the Dungeon.
You worshipped Xom.
You were a plaything of Xom.
You visited 1 branch of the dungeon, and saw 4 of its levels.

You collected 93 gold pieces.

Inventory:

Hand Weapons
 a - a +0 rapier
 m - a +0 short sword of venom (weapon)
Missiles
 n - 5 poisoned darts (quivered)
Armour
 b - a +0 scale mail (worn)
 c - a +1 kite shield (worn)
Jewellery
 j - an amulet of reflection
 p - an amulet of regeneration (around neck)
Scrolls
 e - a scroll of enchant armour
 g - 2 scrolls of noise {unknown}
 i - 2 scrolls of identify {unknown}
 k - a scroll of fear {unknown}
 q - a scroll of amnesia {unknown}
Potions
 d - 3 potions of might
 f - a potion of lignification {unknown}
 h - a potion of berserk rage {unknown}
 l - 2 potions of curing {unknown}
 o - a potion of brilliance {unknown}
 r - 2 potions of attraction {unknown}


   Skills:
 + Level 6.7 Fighting
 + Level 4.8 Short Blades
 + Level 1.6 Long Blades
 + Level 1.6 Axes
 + Level 1.6 Maces & Flails
 + Level 1.6 Polearms
 + Level 1.6 Staves
 + Level 1.6 Slings
 + Level 1.6 Bows
 + Level 1.6 Crossbows
 + Level 1.6 Throwing
 + Level 6.7 Armour
 + Level 1.6 Dodging
 + Level 1.6 Stealth
 + Level 6.7 Shields
 + Level 1.6 Unarmed Combat
 + Level 1.6 Spellcasting
 + Level 1.2 Conjurations
 + Level 1.2 Hexes
 + Level 1.2 Summonings
 + Level 1.2 Necromancy
 + Level 1.2 Translocations
 + Level 1.2 Transmutations
 + Level 1.2 Fire Magic
 + Level 1.2 Ice Magic
 + Level 1.2 Air Magic
 + Level 1.2 Earth Magic
 + Level 1.2 Poison Magic
 + Level 1.8 Invocations
 + Level 1.6 Evocations


You had 7 spell levels left.
You didn't know any spells.
Your spell library contained the following spells:

 Spells                   Type           Power      Damage    Failure   Level
 Inner Flame              Hex/Fire       4%         N/A       99%         3
 Cause Fear               Hex            2%         N/A       100%        4
 Discord                  Hex            2%         N/A       100%        8


Dungeon Overview and Level Annotations

Branches:
Dungeon (4/15)
 Temple: D:4-7

Altars:
Xom

Portals:
Sewer: D:4

Annotations:
D:4 Robin


Innate Abilities, Weirdness & Mutations

You have very sharp teeth.
Your uncanny sense of smell can sniff out nearby items.
Your experience applies equally to all skills.
You are partially covered in iridescent scales. (AC +2)
Your mind is acute. (Int +2)
Your spells are a little harder to cast, but a little more powerful.
You evolve.


Message History

Robin roars a battlecry!
The goblins go into a battle-frenzy!
You block the hobgoblin's attack.
Unknown command.
The harpy claws you!
* * * LOW HITPOINT WARNING * * *
You block the harpy's attack.
The quokka bites you but does no damage.
The goblin hits you but does no damage.
The harpy screeches!
The harpy claws you but does no damage. You block the harpy's attack.
The quokka barely misses you.
You see here a viscous inky potion.
The harpy claws you!
* * * LOW HITPOINT WARNING * * *
The harpy closely misses you. x2; You block the harpy's attack.
There is an open door, spattered with blood here.
Items here: )))))) ††††††††.
The harpy screeches!
The harpy claws you.
* * * LOW HITPOINT WARNING * * *
You block the harpy's attack.
As you read the scroll labelled ZISOMIACOB, it crumbles to dust.
It is a scroll of enchant armour.
Your +0 kite shield glows green for a moment.
The harpy screeches! "Go forth and cause havoc, mortal!"
You feel very mighty all of a sudden.
The harpy changes into a black mamba!
You aren't carrying any items that you can evoke.
Unknown command.
You miss the black mamba. The black mamba bites you.
* * * LOW HITPOINT WARNING * * *
The black mamba bites you.
* * * LOW HITPOINT WARNING * * *
Robin says, "My goblins will feast on your bones."
Unknown command.
The black mamba bites you!
You die...
Xom laughs nastily!

#.........# ...
#.........# ...
#.......$.# #.#
#.........# #.#
#.........# #.#
#.....!...# #.#
#.........# #.#
#$........#####@#
####..####..$†##S#
.............g)r.#
#.$#######..gg#######
...#≈≈≈≈≈#†...g......
...#≈≈≈≈††.....######
...#≈≈∩≈≈#.....#
...#≈≈≈≈≈#.###.#
...#######....?#


You could see a black mamba shaped shifter and a quokka.

Vanquished Creatures
  A hound zombie (D:3)
  3 adders (D:2)
  2 river rats (D:4)
  An ufetubus (D:4)
  3 worms (D:2)
  2 dart slugs
  2 orcs
  6 endoplasms
  6 giant cockroaches
  12 goblins
  8 hobgoblins
  6 jackals (D:2)
  2 quokkas
  8 ball pythons
  7 bats
  3 frilled lizards
  7 kobolds
  A rat (D:3)
80 creatures vanquished.

Vanquished Creatures (collateral kills)
  A jackal (D:2)
  A bat (D:2)
2 creatures vanquished.

Vanquished Creatures (others)
  A necrophage (D:4)
  3 ball pythons (D:4)
  A giant cockroach (D:4)
5 creatures vanquished.

Grand Total: 87 creatures vanquished

Notes
Turn   | Place    | Note
-------+----------+-------------------------------------------
     0 | D:1      | MisterFreud the Gnoll Fighter began the quest for the Orb.
     0 | D:1      | Reached XP level 1. HP: 23/23 MP: 1/1
   150 | D:1      | Reached XP level 2. HP: 14/29 MP: 2/2
   675 | D:1      | Reached XP level 3. HP: 32/35 MP: 3/3
   788 | D:2      | Reached skill level 1 in Invocations
   950 | D:2      | Reached skill level 1 in Long Blades
   950 | D:2      | Reached skill level 1 in Axes
   950 | D:2      | Reached skill level 1 in Maces & Flails
   950 | D:2      | Reached skill level 1 in Polearms
   950 | D:2      | Reached skill level 1 in Staves
   950 | D:2      | Reached skill level 1 in Slings
   950 | D:2      | Reached skill level 1 in Bows
   950 | D:2      | Reached skill level 1 in Crossbows
   950 | D:2      | Reached skill level 1 in Throwing
   950 | D:2      | Reached skill level 1 in Dodging
   950 | D:2      | Reached skill level 1 in Stealth
   950 | D:2      | Reached skill level 1 in Unarmed Combat
   950 | D:2      | Reached skill level 1 in Spellcasting
   950 | D:2      | Reached skill level 1 in Evocations
  1032 | D:2      | Reached XP level 4. HP: 41/41 MP: 5/5
  1203 | D:2      | Found a faded altar of an unknown god.
  1213 | D:2      | Became a worshipper of Xom of Chaos
  1264 | D:2      | XOM: divination: detect creatures
  1266 | D:2      | XOM: silly message
  1351 | D:2      | XOM: divination: magic mapping
  1424 | D:2      | XOM: enchant monster (good)
  1493 | D:2      | XOM: summons 3 friendly demons
  1503 | D:2      | Reached skill level 1 in Conjurations
  1503 | D:2      | Reached skill level 1 in Hexes
  1503 | D:2      | Reached skill level 1 in Summonings
  1503 | D:2      | Reached skill level 1 in Necromancy
  1503 | D:2      | Reached skill level 1 in Translocations
  1503 | D:2      | Reached skill level 1 in Transmutations
  1503 | D:2      | Reached skill level 1 in Fire Magic
  1503 | D:2      | Reached skill level 1 in Ice Magic
  1503 | D:2      | Reached skill level 1 in Air Magic
  1503 | D:2      | Reached skill level 1 in Earth Magic
  1503 | D:2      | Reached skill level 1 in Poison Magic
  1691 | D:2      | XOM: give mutation
  1691 | D:2      | Gained mutation: You are partially covered in iridescent
                  | scales. (AC +2) [Xom's grace]
  1745 | D:2      | XOM: give mutations
  1745 | D:2      | Gained mutation: You evolve. [Xom's grace]
  1745 | D:2      | Gained mutation: Your mind is acute. (Int +2) [Xom's grace]
  1745 | D:2      | Gained mutation: Your spells are a little harder to cast,
                  | but a little more powerful. [Xom's grace]
  2004 | D:3      | XOM: divination: magic mapping
  2248 | D:3      | XOM: scenery: 1 doors close
  2301 | D:3      | Reached XP level 5. HP: 47/47 MP: 6/6
  2456 | D:3      | XOM: scenery: summon butterflies
  2527 | D:3      | XOM: god gift: staff of earth
  2571 | D:4      | Found a glowing drain.
  2577 | D:4      | Noticed a necrophage
  2583 | D:4      | XOM: god gift: scroll labelled LAUCHI BOIGE {god gift}
  2590 | D:4      | XOM: enchant monster (good)
  2591 | D:4      | XOM: enchant monster (good)
  2612 | D:4      | XOM: scenery: 1 doors open, 1 doors close
  2615 | D:4      | Killed a necrophage
  2615 | D:4      | XOM: divine lightning
  2663 | D:4      | Noticed a shapeshifter
  2663 | D:4      | a hobgoblin changed into a shapeshifter
  2663 | D:4      | XOM: polymorph hobgoblin -> shapeshifter
  2663 | D:4      | Noticed an orb spider
  2663 | D:4      | a shapeshifter changed into an orb spider
  2664 | D:4      | Noticed Robin
  2664 | D:4      | Noticed a harpy
  2664 | D:4      | an orb spider changed into a harpy
  2672 | D:4      | XOM: potion effect (might)
  2672 | D:4      | Noticed a black mamba
  2672 | D:4      | a harpy changed into a black mamba
  2675 | D:4      | Mangled by a black mamba (shapeshifter)

Illustrated notes

Levels and vault maps discovered:
D:1:      minmay_arrival_open_corners, layout_basic, serial_forest,
          infiniplex_forest_lined_4_way, infiniplex_forest_lined_room_,
          infiniplex_forest_side_room, infiniplex_forest_end_1,
          infiniplex_forest_lined_corner, infiniplex_forest_lined_room_2,
          infiniplex_forest_lined_corner
D:2:      layout_basic, ebering_ecumenical_altar_sacrificial
D:3:      layout_basic, minivault_25
D:4:      layout_basic, nzn_wu_jian_contemplation, gammafunk_ghost_cemetery,
          portal_sewer_entry_c, kennysheep_windowed_goal, uniq_robin

Skill      XL: |  1  2  3  4 |
---------------+-------------+-----
Invocations    | 1 |  1.8
Long Blades    | 1 |  1.6
Axes           | 1 |  1.6
Maces & Flails | 1 |  1.6
Polearms       | 1 |  1.6
Staves         | 1 |  1.6
Slings         | 1 |  1.6
Bows           | 1 |  1.6
Crossbows      | 1 |  1.6
Throwing       | 1 |  1.6
Dodging        | 1 |  1.6
Stealth        | 1 |  1.6
Unarmed Combat | 1 |  1.6
Spellcasting   | 1 |  1.6
Evocations     | 1 |  1.6
Conjurations   | 1 |  1.2
Hexes          | 1 |  1.2
Summonings     | 1 |  1.2
Necromancy     | 1 |  1.2
Translocations | 1 |  1.2
Transmutations | 1 |  1.2
Fire Magic     | 1 |  1.2
Ice Magic      | 1 |  1.2
Air Magic      | 1 |  1.2
Earth Magic    | 1 |  1.2
Poison Magic   | 1 |  1.2
Fighting       | |  6.7
Short Blades   | |  4.8
Armour         | |  6.7
Shields        | |  6.7

Action                   |  1- 3 |  4- 6 || total
-------------------------+-------+-------++-------
Melee: Rapier            |    95 |    90 ||   185
       Bite              |     4 |    11 ||    15
       Short sword       |       |    89 ||    89
  Use: Scroll            |       |     1 ||     1
 Stab: Petrified         |       |     3 ||     3
Armor: Scale mail        |    37 |    75 ||   112
Dodge: Dodged            |    25 |    66 ||    91
Block: Kite shield       |    43 |    93 ||   136
       Reflection        |       |     1 ||     1
